 Dungeon Crawl Stone Soup version 0.31-a0-662-g684573625c (webtiles) character file.

Game seed: 377557563565694086

30597 dialectric the Unseen (level 13, -5/61 HPs)
             Began as a Spriggan Brigand on Sept 1, 2023.
             Was an Elder of Dithmenos.
             Shot with an arrow by Nessos (17 damage)
             ... on level 2 of the Orcish Mines.
             The game lasted 00:39:25 (14256 turns).

dialectric the Unseen (Spriggan Brigand)           Turns: 14256, Time: 00:39:26

Health: -5/61      AC: 13    Str: 21    XL:     13   Next: 21%
Magic:  0/18       EV: 33    Int: 12    God:    Dithmenos [****..]
Gold:   785        SH:  0    Dex: 20    Spells: 15/17 levels left

rFire   . . .        v - +8 dagger of Conformity {freeze, *Slow rPois Str+4 Stlth+}
rCold   . . .        (no shield)
rNeg    . . .        J - +3 troll leather armour {Snorg}
rPois   +            (helmet restricted)
rElec   .            c - +2 cloak
rCorr   .            (gloves unavailable)
SInv    +            (boots unavailable)
Will    ++...        I - amulet "Xuiheol" {Spirit Str+2 Slay+2 Stlth+} Stlth *****+++++
                     K - +4 ring of protection
HPRegen 1.10/turn    G - +6 ring of strength
MPRegen 0.16/turn

%: slow self (1%), guardian spirit
@: slowed, wreathed by umbra, quick
A: very small, no large weapons, unfitting armour, see invisible, speed 3
a: Renounce Religion, Shadow Step


You were on level 2 of the Orcish Mines.
You worshipped Dithmenos.
Dithmenos was greatly pleased with you.
You visited 3 branches of the dungeon, and saw 17 of its levels.
You also visited: Gauntlet.

You collected 1361 gold pieces.
You spent 576 gold pieces at shops.

Inventory:

Hand Weapons
 v - the +8 dagger of Conformity (weapon) {freeze, *Slow rPois Str+4 Stlth+}
   (You found it in a Gauntlet)

   Str+4:     It affects your strength (+4).
   rPois:     It protects you from poison *Slow: It may slow you when you take
   damage.
   Stlth+:    It makes you more stealthy.
 D - a +1 short sword of venom
 F - a +0 long sword of freezing
 M - a +5 dagger of venom
Missiles
 d - 29 poisoned darts
 r - 2 throwing nets
Armour
 c - a +2 cloak (worn)
 J - a +3 troll leather armour (worn) {Snorg}
Jewellery
 g - a ring of willpower
 w - an amulet of regeneration
 y - a ring of flight
 G - a +6 ring of strength (right hand)
 I - the amulet "Xuiheol" (around neck) {Spirit Str+2 Slay+2 Stlth+}
   (You bought it in a shop on level 1 of the Dungeon)

   [amulet of guardian spirit]

   Spirit:    It causes incoming damage to be divided between your reserves of
   health and magic.
   Str+2:     It affects your strength (+2).
   Slay+2:    It affects your accuracy & damage with ranged weapons and melee
   (+2).
   Stlth+:    It makes you more stealthy.
 K - a +4 ring of protection (left hand)
Talismans
 j - a blade talisman
 N - a beast talisman
Wands
 m - a wand of iceblast (3)
 A - a wand of flame (59)
Scrolls
 h - a scroll of immolation
 i - a scroll of summoning
 k - a scroll of fear
 l - 3 scrolls of vulnerability
 n - a scroll of teleportation
 o - 2 scrolls of blinking
 q - a scroll of torment
 s - 2 scrolls of enchant weapon
 t - 2 scrolls of poison
 B - 2 scrolls of identify
 C - 3 scrolls of amnesia
Potions
 a - a potion of attraction
 b - a potion of haste {unknown}
 e - 2 potions of enlightenment
 p - 2 potions of curing
 u - 2 potions of invisibility
 x - a potion of magic
 z - 2 potions of heal wounds
 E - 2 potions of lignification
 H - 2 potions of might
 L - a potion of brilliance {unknown}


   Skills:
 + Level 4.3 Fighting
 - Level 9.1 Short Blades
 - Level 2.0 Throwing
 - Level 2.2 Armour
 - Level 18.4 Dodging
 + Level 20.9 Stealth
 * Level 2.9 Spellcasting
 + Level 2.6 Invocations
 - Level 4.2 Evocations


You had 15 spell levels left.
You knew the following spells:

 Your Spells              Type           Power      Damage    Failure   Level
a - Ensorcelled Hibernat  Hex/Ice        2%         N/A       41%         2

Your spell library contained the following spells:

 Spells                   Type           Power      Damage    Failure   Level
 Apportation              Tloc           2%         N/A       28%         1
 Magic Dart               Conj           4%         1d3       28%         1
 Necrotise                Necr           4%         1d4       28%         1
 Shock                    Conj/Air       4%         1d3       28%         1
 Summon Small Mammal      Summ           4%         N/A       28%         1
 Passwall                 Tmut/Erth      0%         N/A       41%         2
 Searing Ray              Conj           2%         2d4       41%         2
 Portal Projectile        Hex/Tloc       2%         N/A       65%         3
 Stone Arrow              Conj/Erth      2%         3d7       65%         3
 Swiftness                Air            1%         N/A       65%         3
 Tukima's Dance           Hex            1%         N/A       65%         3
 Airstrike                Air            0%         2d(1-17)  96%         4
 Animate Armour           Summ/Erth      2%         N/A       96%         4
 Fulminant Prism          Conj/Hex       0%         3d5       96%         4
 Iskenderun's Mystic Bla  Conj/Tloc      1%         2d3       96%         4
 Simulacrum               Ice/Necr       0%         N/A       100%        6
 Ozocubu's Refrigeration  Ice            0%         4d7       100%        7
 Lehudib's Crystal Spear  Conj/Erth      0%         10d2      100%        8
 Polar Vortex             Ice            0%         N/A       100%        9


Dungeon Overview and Level Annotations

Branches:
Dungeon (14/15)            Temple (1/1) D:5             Orc (2/2) D:11
Gauntlet (visited)
   Lair: D:8-11         Elf: Orc:2       Vaults: D:13-14

Altars:
Ashenzari
Cheibriados
Dithmenos
Elyvilon
Fedhas
Gozag
Hepliaklqana
Kikubaaqudgha
Makhleb
Nemelex Xobeh
Okawaru
Qazlal
Ru
Sif Muna
Trog
Uskayaw
Vehumet
Wu Jian
Xom
Yredelemnul
Zin

Shops:
D:1 =!(

Annotations:
D:5 2 runed translucent doors, bronco's ghost, novice DgSh
Orc:2 Nessos


Innate Abilities, Weirdness & Mutations

You are very small and have problems with some larger weapons.
You are too small for most types of armour.
You have supernaturally acute eyesight. (SInv)
You cover ground extremely quickly. (Speed+++)


Message History

Nessos shoots an arrow.
The arrow completely misses you.
Nessos shoots an arrow.
The arrow hits you! The arrow burns you.
You are poisoned.
Nessos shoots an arrow.
The arrow completely misses you.
Throw: dart (curare)
Press: ? - help, Q - select action, (/) - cycle Shift-Dir - straight line, f - Nessos
Aim: Nessos, wielding a +2 longbow of flaming and wearing a +0 barding (severely wounded, fast, umbra, 75% to hit)
You throw a curare-tipped dart.
The curare-tipped dart closely misses Nessos.
You feel very sick.
Nessos stands on their hind legs for a moment.
Nessos shoots an arrow.
The arrow hits you! The arrow burns you.
You feel yourself slow down.
Unknown command.
You feel sick.
Nessos shoots an arrow.
The arrow hits you!!
* * * LOW HITPOINT WARNING * * *
The arrow burns you.
You are lethally poisoned!
* * * LOW HITPOINT WARNING * * *
Nessos shoots an arrow.
The arrow misses you.
You are too injured to fight recklessly!
* * * LOW HITPOINT WARNING * * *
You feel very sick.
Nessos pounds the earth with their hooves.
Nessos casts a spell.
Nessos blinks!
Nessos mumbles some strange words.
Nessos blinks!
The orc priest completely misses you.
* * * LOW HITPOINT WARNING * * *
You feel very sick.
Nessos shoots an arrow.
The arrow hits you.
* * * LOW HITPOINT WARNING * * *
The arrow burns you.
Nessos intently looks at you, slowly moving their tail.
Nessos gestures wildly while chanting.
Nessos blinks!
The orc priest closely misses you.
You feel better.
Nessos shoots an arrow.
The arrow closely misses you.
Nessos shoots an arrow.
The arrow completely misses you. The orc priest barely misses you.
Nessos shoots an arrow.
The arrow hits you!!
You die...

............#........#
............###......###+###
.........##..###...........#
.#####..####..##...........#
8#.).#### #.#####......^..##
##..[# ###.##.###.......#
###'## ###.##....##.......##
....####..##.....#.........#
'##.##.#..##....@.c........#
..#.###....#(...#o.......#.#
†.#.# #....#..§.)..(.....###
###.####.#......)......###
.......###......))....♣#
..####.####...§.....♣.P#
..#.†#....'......#....~~≈≈
).#..'.####......##P.~~~≈≈#
..#.)#.#####.....##♣.~~~≈#≈#


You could see Nessos (fast) and an orc priest.

Vanquished Creatures
  An orc warlord (Orc:2)
  Snorg (D:11)
  Josephine (D:11)
  Fannar (D:11)
  A hydra (D:13)
  Harold (D:11)
  A death knight (D:10)
  6 two-headed ogres
  Urug (D:11)
  A tengu warrior (D:13)
  Nergalle (D:11)
  A wizard (D:12)
  An orc knight (Orc:2)
  4 ugly things
  2 deep elf pyromancers
  3 cyclopes
  A manticore (D:11)
  4 gargoyles
  2 kobold demonologists
  An unseen horror (D:12)
  A komodo dragon (D:9)
  A tengu conjurer (D:13)
  8 trolls
  A raiju (shapeshifter) (D:13)
  A meliai (D:12)
  Sigmund (D:2)
  2 shadows (D:11)
  9 wraiths (D:11)
  15 yaks
  2 wyverns
  7 vampire mosquitoes
  3 wargs
  Edmund (D:6)
  3 acid dragons
  12 orc warriors (Orc:2)
  2 black bears
  An ice beast (D:4)
  10 ogres
  4 centaurs
  A phantom (D:4)
  3 kobold brigands (D:10)
  4 bullfrogs
  A gnoll sergeant (D:9)
  4 scorpions
  5 wights
  9 killer bees
  2 howler monkeys
  8 electric eels
  A crimson imp (D:10)
  2 jellies (D:5)
  2 orc priests
  8 hounds
  5 orc wizards
  Ijyb (D:3)
  Natasha (thrice) (D:3)
  5 iguanas
  Robin (D:2)
  6 gnolls
  4 adders
  A shadow imp (D:7)
  A worm (D:4)
  4 dart slugs
  69 orcs
  5 ball pythons
  10 bats
  8 endoplasms
  4 giant cockroaches
  4 hobgoblins
  4 jackals (D:1)
  9 kobolds
  9 quokkas
  5 frilled lizards
  11 goblins
  4 rats
342 creatures vanquished.

Vanquished Creatures (collateral kills)
  A kobold demonologist (D:13)
1 creature vanquished.

Vanquished Creatures (others)
  A kobold (D:13)
1 creature vanquished.

Grand Total: 344 creatures vanquished

Notes
Turn   | Place    | Note
-------+----------+-------------------------------------------
     0 | D:1      | dialectric the Spriggan Brigand began the quest for the
                  | Orb.
     0 | D:1      | Reached XP level 1. HP: 10/10 MP: 2/2
    30 | D:1      | Reached skill level 6 in Stealth
    31 | D:1      | Found Geyhitur's Weapon Boutique.
   121 | D:1      | Reached XP level 2. HP: 14/14 MP: 3/3
   264 | D:1      | Found Nieree's Distillery.
   347 | D:1      | Reached skill level 7 in Stealth
   560 | D:1      | Found Weenieru's Jewellery Boutique.
   623 | D:1      | Reached XP level 3. HP: 18/18 MP: 4/4
   975 | D:2      | Noticed Robin
  1141 | D:3      | Found a hide-covered altar of Uskayaw.
  1142 | D:3      | Found an opulent altar of Gozag.
  1143 | D:3      | Found a stormy altar of Qazlal.
  1143 | D:3      | Found a sacrificial altar of Ru.
  1391 | D:3      | Reached XP level 4. HP: 23/23 MP: 5/5
  1620 | D:3      | Noticed Ijyb
  1622 | D:3      | Noticed Natasha
  1640 | D:3      | Killed Natasha
  1640 | D:3      | HP: 1/23 [Ijyb/iceblast (15)]
  1641 | D:3      | Reached skill level 8 in Stealth
  1643 | D:3      | Killed Ijyb
  1644 | D:3      | Reached XP level 5. HP: 3/26 MP: 6/6
  1705 | D:3      | Noticed Natasha
  1719 | D:3      | Killed Natasha
  1757 | D:3      | Noticed Natasha
  1764 | D:3      | Killed Natasha
  2121 | D:2      | Noticed Sigmund
  2125 | D:2      | Killed Sigmund
  2126 | D:2      | Reached skill level 9 in Stealth
  2126 | D:2      | Reached XP level 6. HP: 32/32 MP: 7/7
  2649 | D:4      | Noticed an ice beast
  2674 | D:5      | Entered Level 5 of the Dungeon
  2748 | D:5      | Reached XP level 7. HP: 27/36 MP: 8/8
  2930 | D:5      | Found a staircase to the Ecumenical Temple.
  2951 | D:5      | Reached skill level 5 in Short Blades
  2979 | Temple   | Entered the Ecumenical Temple
  3007 | Temple   | Became a worshipper of Dithmenos the Shadowed
  3053 | Temple   | Reached skill level 5 in Dodging
  3227 | D:5      | Found an ancient bone altar of Kikubaaqudgha.
  3459 | D:5      | Found a large runed translucent door.
  3460 | D:5      | Found a large runed translucent door.
  3469 | D:5      | Noticed bronco's ghost (novice DgSh)
  3669 | D:4      | Reached XP level 8. HP: 39/40 MP: 9/9
  4007 | D:4      | Reached skill level 10 in Stealth
  4356 | D:6      | Reached * piety under Dithmenos
  4378 | D:6      | Noticed Edmund
  4522 | D:6      | Killed Edmund
  4750 | D:5      | Reached skill level 11 in Stealth
  4905 | D:5      | Reached XP level 9. HP: 30/44 MP: 10/10
  5355 | D:6      | Reached skill level 1 in Evocations
  5619 | D:7      | Reached skill level 10 in Dodging
  5748 | D:2      | Killed Robin
  5945 | D:1      | Bought the amulet "Xuiheol" {Spirit Str+2 Slay+2 Stlth+}
                  | for 576 gold pieces
  6090 | D:5      | Reached skill level 12 in Stealth
  6525 | D:7      | Reached ** piety under Dithmenos
  6658 | D:7      | Found an ornate altar of the Wu Jian Council.
  7151 | D:8      | Reached skill level 13 in Stealth
  7331 | D:8      | Found a shimmering altar of Xom.
  7433 | D:9      | Noticed a komodo dragon
  7438 | D:9      | Killed a komodo dragon
  7447 | D:10     | Entered Level 10 of the Dungeon
  7468 | D:10     | Noticed a kobold demonologist
  7613 | D:10     | Noticed a deep elf pyromancer
  7621 | D:10     | Killed a deep elf pyromancer
  7622 | D:10     | Reached XP level 10. HP: 49/49 MP: 11/11
  7625 | D:10     | Noticed a sixfirhy
  8087 | D:9      | Reached skill level 14 in Stealth
  8675 | D:10     | Found a burning altar of Makhleb.
  8676 | D:10     | Found a radiant altar of Vehumet.
  8682 | D:10     | Reached skill level 15 in Stealth
  8821 | D:10     | Noticed a death knight
  8826 | D:10     | Killed a death knight
  8852 | D:10     | Noticed a gargoyle
  8854 | D:10     | Killed a gargoyle
  8935 | D:10     | Noticed a smoke demon
  8940 | D:10     | Reached skill level 16 in Stealth
  9352 | D:10     | Found a shimmering blue altar of Sif Muna.
  9426 | D:10     | Noticed a two-headed ogre
  9446 | D:10     | Killed a two-headed ogre
  9447 | D:10     | Reached XP level 11. HP: 52/52 MP: 12/12
  9733 | D:11     | Reached *** piety under Dithmenos
  9797 | D:11     | Reached skill level 17 in Stealth
  9805 | D:11     | Found a staircase to the Orcish Mines.
  9823 | D:11     | Noticed Josephine
  9888 | D:11     | Noticed Snorg
  9892 | D:11     | Killed Snorg
 10048 | D:11     | Reached skill level 18 in Stealth
 10263 | D:11     | Noticed Nergalle
 10272 | D:11     | Noticed Urug
 10350 | D:11     | Noticed Fannar
 10357 | D:11     | Killed Nergalle
 10455 | D:11     | Learned a level 2 spell: Ensorcelled Hibernation
 10496 | D:12     | Reached skill level 1 in Armour
 10545 | D:12     | Reached skill level 19 in Stealth
 10584 | D:12     | Noticed a green ugly thing
 10589 | D:12     | Noticed a cyan ugly thing
 10590 | D:12     | Killed a green ugly thing
 10820 | D:13     | Noticed an eight-headed hydra
 10822 | D:13     | Killed an eight-headed hydra
 10843 | D:13     | Found a gate leading to a gauntlet.
 10853 | Gauntlet | Entered a Gauntlet
 10853 | Gauntlet | Found a transporter.
 10862 | Gauntlet | Found a transporter.
 10863 | Gauntlet | Noticed an orange crystal statue
 10864 | Gauntlet | Found a transporter.
 10889 | Gauntlet | Found a transporter.
 10889 | Gauntlet | Identified the +8 dagger of Conformity {freeze, *Slow rPois
                  | Str+4 Stlth+}
 10902 | Gauntlet | Found a transporter.
 10905 | Gauntlet | Noticed a catoblepas
 10912 | Gauntlet | Found a transporter.
 10923 | Gauntlet | Identified the +2 plate armour of Integrity {rN+++ Regen+
                  | Dex-2 Slay+3}
 10923 | Gauntlet | Noticed a minotaur
 11131 | D:12     | Noticed a wizard
 11134 | D:12     | Noticed a two-headed ogre
 11157 | D:11     | Reached skill level 20 in Stealth
 11293 | D:11     | Killed Josephine
 11294 | D:11     | Reached skill level 1 in Invocations
 11294 | D:11     | Reached XP level 12. HP: 58/58 MP: 8/13
 11650 | D:12     | Killed a two-headed ogre
 11651 | D:12     | Reached skill level 15 in Dodging
 12248 | D:13     | Noticed a death knight
 12268 | D:13     | Noticed a catoblepas
 12270 | D:13     | Noticed a tengu warrior
 12418 | D:13     | Noticed a centaur warrior
 12421 | D:13     | Noticed a centaur warrior
 12470 | D:13     | Killed a tengu warrior
 12675 | D:13     | Noticed an eight-headed hydra
 12686 | D:13     | Noticed a great orb of eyes
 12852 | D:11     | Killed Urug
 12945 | Orc:1    | Entered Level 1 of the Orcish Mines
 12945 | Orc:1    | Noticed Harold
 13067 | D:11     | Killed Harold
 13106 | D:11     | Killed Fannar
 13520 | Orc:2    | Entered Level 2 of the Orcish Mines
 13544 | Orc:2    | Noticed a two-headed ogre
 13548 | Orc:2    | Reached **** piety under Dithmenos
 13570 | Orc:1    | Killed a two-headed ogre
 13601 | Orc:2    | Noticed a two-headed ogre
 13616 | Orc:2    | Killed a two-headed ogre
 13777 | Orc:2    | Reached XP level 13. HP: 61/61 MP: 15/15
 13826 | Orc:2    | Reached skill level 1 in Spellcasting
 13971 | Orc:2    | Noticed an orc warlord
 13977 | Orc:2    | Killed an orc warlord
 14049 | Orc:2    | Noticed Nessos
 14193 | Orc:2    | Noticed an orc warlord
 14255 | Orc:2    | HP: 2/61 [poisoned by Nessos]
 14256 | Orc:2    | Shot with an arrow by Nessos

Illustrated notes

Levels and vault maps discovered:
D:1:      ncdulo_wetmaze, layout_loops_ring, serial_shops, shop,
          nicolae_square_shop, shop
D:2:      layout_basic, minmay_gold_behind_fungi, kennysheep_big_empty_room,
          uniq_sigmund, uniq_robin
D:3:      layout_rooms, mainiacjoe_overflow_alcove_3,
          wander_ebering_terrifying_dragon_lair, uniq_ijyb, uniq_natasha
D:4:      layout_gridville, cheibrodos_gnoll_hut
D:5:      black_bear_nest_1, layout_loops_ring, kiku_gazebo_pond_becter,
          minmay_temple_entry_mist, ebering_ghost_disaster_area,
          hangedman_decor_points
D:6:      layout_rooms, chequers_serial_rivers_micro_e, uniq_edmund
D:7:      layout_loops_corners, mainiacjoe_overflow_concentric_impassable,
          lemuel_round_altar, serial_bayou_lagoon_b
D:8:      layout_basic, lemuel_tele_altar, lair_entry_dummy
D:9:      layout_basic
D:10:     layout_loops_corners, grunt_temple_overflow_lords_of_destruction,
          lemuel_round_altar, st_stairs_1
D:11:     layout_roguey, david_orc_2, uniq_snorg, uniq_fannar, uniq_josephine,
          uniq_urug, uniq_nergalle
D:12:     layout_cave_pods
D:13:     minmay_swirls_squares, layout_basic, gauntlet_entry_generic, drop_trap
D:14:     layout_rooms, david_vaults_4, dreamdust_wishing_well,
          grunt_ministairs_2
Temple:   minmay_temple_curvy_loop
Orc:1:    layout_caves, uniq_maurice, uniq_harold
Orc:2:    pubby_orc_utopia, serial_shops, uniq_nessos

Skill      XL: |  1  2  3  4  5  6  7  8  9 10 11 12 13 |
---------------+----------------------------------------+-----
Stealth        | 6 7 8 9 11 13 16 20 | 20.9
Dodging        | 2 3 4 6 9 12 13 18 | 18.4
Fighting       | 2 3 4 |  4.3
Short Blades   | 3 4 6 7 9 |  9.1
Evocations     | 2 3 4 |  4.2
Armour         | 2 |  2.2
Invocations    | 1 2 |  2.6
Spellcasting   | 2 |  2.9
Throwing       | |  2.0

Action                     |  1- 3 |  4- 6 |  7- 9 | 10-12 | 13-15 || total
---------------------------+-------+-------+-------+-------+-------++-------
  Melee: Dagger            |   145 |   151 |   297 |   322 |    77 ||   992
         Punch             |       |     2 |     3 |    17 |     1 ||    23
         Short sword       |       |       |    27 |   278 |       ||   305
  Throw: Dart              |       |    11 |   130 |   103 |     3 ||   247
 Invoke: Shadow Step       |       |       |       |     3 |     1 ||     4
  Evoke: Wand              |       |       |     6 |     8 |     4 ||    18
    Use: Potion            |       |     2 |     1 |     5 |     1 ||     9
         Scroll            |       |       |     3 |    23 |     3 ||    29
   Stab: Sleeping          |    24 |     3 |    21 |    54 |    26 ||   128
         Distracted        |       |       |     2 |     7 |     1 ||    10
         Invisible         |       |       |       |     2 |       ||     2
 Armour: Robe              |    61 |    38 |    80 |    23 |       ||   202
         Troll leather arm |       |       |       |   105 |    14 ||   119
  Dodge: Dodged            |   124 |   115 |   259 |   575 |    73 ||  1146

Table legend: (Time is in decaauts)
 A = Elapsed time spent in this place.
 B = Non-inter-level travel time spent in this place.
 C = Inter-level travel time spent in this place.
 D = Time resting spent in this place.
 E = Time spent auto-exploring this place.
 F = Levels seen in this place.
 G = Mean time per level.
                   A        B        C        D        E       F      G
               +--------+--------+--------+--------+--------+-----+--------+
         Total |   9645 |   9168 |    477 |    384 |   5273 |  18 |  535.8 |
       Dungeon |   8825 |   8363 |    462 |    354 |   4916 |  14 |  630.4 |
        Temple |     67 |     53 |     14 |      0 |      0 |   1 |   67.0 |
  Orcish Mines |    702 |    702 |      0 |     30 |    356 |   2 |  351.0 |
      Gauntlet |     49 |     49 |      0 |      0 |      0 |   1 |   49.0 |
               +--------+--------+--------+--------+--------+-----+--------+

Top non-repeatable levels by time:
    D:11: 1105 daAuts
     D:5: 1048 daAuts
    D:10: 919 daAuts
    D:12: 783 daAuts
     D:9: 732 daAuts
     D:1: 634 daAuts
     D:2: 619 daAuts
     D:4: 616 daAuts
     D:6: 598 daAuts
     D:7: 592 daAuts
     D:3: 537 daAuts
   Orc:2: 480 daAuts
    D:13: 342 daAuts
     D:8: 289 daAuts
   Orc:1: 222 daAuts
